 Dungeon Crawl Stone Soup version 0.30.1-9-gdf580d7c3d (webtiles) character file.

Game seed: 12029822331269028400

18 lonewolfV2 the Trooper (level 2, 0/24 HPs)
             Began as a Demonspawn Fighter on Oct 25, 2023.
             Slain by Natasha (2 damage)
             ... on level 2 of the Dungeon.
             The game lasted 00:02:13 (912 turns).

lonewolfV2 the Trooper (Demonspawn Fighter)          Turns: 912, Time: 00:02:13

Health: 0/24       AC:  7    Str: 16    XL:     2   Next: 48%
Magic:  2/2        EV:  8    Int:  9    God:
Gold:   37         SH:  4    Dex: 12    Spells: 1/1 levels left

rFire   . . .        a - +0 war axe
rCold   . . .        c - +0 buckler
rNeg    . . .        b - +1 scale mail
rPois   .            (no helmet)
rElec   .            (no cloak)
rCorr   .            (no gloves)
SInv    .            (no boots)
Will    .....        (no amulet) Stlth
                     (no ring)
HPRegen 0.24/turn    (no ring)
MPRegen 0.08/turn

%: no passive effects
@: no status effects
A: weakness stinger 1
a: no special abilities


You were on level 2 of the Dungeon.
You visited 1 branch of the dungeon, and saw 2 of its levels.

You collected 37 gold pieces.

Inventory:

Hand Weapons
 a - a +0 war axe (weapon)
Armour
 b - a +1 scale mail (worn)
 c - a +0 buckler (worn)
Scrolls
 i - a scroll of teleportation
Potions
 d - a potion of might
 j - 2 potions of magic {unknown}


   Skills:
 + Level 3.2 Fighting
 + Level 2.1 Axes
 + Level 2.9 Armour
 + Level 2.9 Shields


You had one spell level left.
You didn't know any spells.
Your spell library was empty.

Dungeon Overview and Level Annotations

Branches:
Dungeon (2/15)

Altars:

Annotations:
D:2 Natasha


Innate Abilities, Weirdness & Mutations

You have a small tail.


Message History

You see here a rat corpse.
HP restored.
You now have 37 gold pieces (gained 8).
You feel your willpower return.
Natasha, Servant of Life and Death comes into view.
Natasha is nearby!
Natasha is nearby!
Natasha is nearby!
You hit Natasha.
Your tail-slap misses Natasha.
Natasha is moderately wounded.
Natasha stares at you and mumbles some strange words.
The magic dart hits you!
You closely miss Natasha.
Natasha is moderately wounded.
Natasha casts a spell.
Natasha claws you.
You closely miss Natasha.
Natasha is moderately wounded.
You barely miss the cerulean imp. You block Natasha's attack.
The cerulean imp hits you with a +0 spear.
You barely miss Natasha.
Your tail-slap misses Natasha.
Natasha is moderately wounded.
You miss the cerulean imp. Natasha claws you.
The cerulean imp barely misses you. Natasha claws you!
* * * LOW HITPOINT WARNING * * *
You closely miss Natasha.
Natasha is moderately wounded.
You hit the cerulean imp. You block the cerulean imp's attack.
You block Natasha's attack. You block the cerulean imp's attack.
You completely miss Natasha. You tail-slap Natasha.
Natasha is heavily wounded.
You hit the cerulean imp.
Natasha mumbles some strange words.
Natasha shimmers violently.
You block Natasha's attack.
The cerulean imp hits you but does no damage.
You barely miss Natasha.
Natasha is heavily wounded.
You closely miss the cerulean imp. Natasha claws you.
You die...

.... .. .......(. . ..
.....# .. ..##..... ...
......#.# ####..
.....)#.# ##...
......#.#####..#####..##
......<.>......5@h.....#
......†.#.....########.#
......#)†.....########..
........................
#########.....##########
#.....# #.....# #.....#
#.....#


You could see Natasha and a cerulean imp (summoned).

Vanquished Creatures
  2 dart slugs
  8 bats
  A hobgoblin (D:1)
  2 ball pythons (D:1)
  A kobold (D:2)
  A rat (D:2)
15 creatures vanquished.

Notes
Turn   | Place    | Note
-------+----------+-------------------------------------------
     0 | D:1      | lonewolfV2 the Demonspawn Fighter began the quest for the
                  | Orb.
     0 | D:1      | Reached XP level 1. HP: 18/18 MP: 1/1
    18 | D:1      | Found a faded altar of an unknown god.
   213 | D:1      | Gained mutation: You have a small tail. [demonic ancestry]
   213 | D:1      | Reached XP level 2. HP: 9/24 MP: 2/2
   903 | D:2      | Noticed Natasha
   909 | D:2      | HP: 1/24 [Natasha (7)]
   912 | D:2      | Slain by Natasha

Illustrated notes

Levels and vault maps discovered:
D:1:      erik_arrival_blinker_ship, layout_basic,
          ebering_ecumenical_altar_petrified
D:2:      layout_rooms, uniq_natasha

Skill      XL: |  1 |
---------------+----+-----
Axes           | 2 |  2.1
Fighting       | |  3.2
Armour         | |  2.9
Shields        | |  2.9

Action                     || total
---------------------------++-------
  Melee: War axe           ||    47
         Tailslap          ||     2
    Use: Scroll            ||     7
 Armour: Scale mail        ||    44
  Dodge: Dodged            ||    31
  Block: Buckler           ||    19
